 Dungeon Crawl Stone Soup version 0.30-a0-534-gdc55766716 (webtiles) character file.

Game seed: 12833705598880607014

77899 freelancePsychic the Fighter (level 15, -13/114 HPs)
             Began as a Demonspawn Wanderer on Dec 25, 2022.
             Was a High Priest of Hepliaklqana.
             Mangled by a cyan very ugly thing (23 damage)
             ... on level 2 of the Abyss.
             The game lasted 00:50:58 (18405 turns).

freelancePsychic the Fighter (Demonspawn Wanderer) Turns: 18405, Time: 00:50:58

Health: -13/114    AC: 15    Str: 12    XL:     15   Next: 16%
Magic:  15/19      EV: 20    Int: 14    God:    Hepliaklqana [*****.]
Gold:   1291       SH:  0    Dex: 20    Spells: 14/14 levels left

rFire   . . .      SeeInvis .    a - +3 demon blade (drain)
rCold   + . .      Faith    .    (no shield)
rNeg    . . .      Spirit   .    Q - +0 troll leather armour
rPois   +          Reflect  .    y - +0 helmet
rElec   .          Harm     .    H - +2 cloak
rCorr   .          Rampage  .    (gloves unavailable)
Will    +....                    K - +2 pair of boots
Stlth   +++++                    c - amulet of regeneration
HPRegen 1.99/turn                S - ring of poison resistance
MPRegen 0.16/turn                (no ring)

@: no status effects
A: reduced essence, icy blue scales 3, powered by death 2, demonic magic 1,
demonic touch 3
a: Renounce Religion, Recall Ancestor, Ancestor Identity, Transference, Idealise


You were on level 2 of the Abyss.
You worshipped Hepliaklqana.
Hepliaklqana was extremely pleased with you.
You visited 3 branches of the dungeon, and saw 21 of its levels.
You visited the Abyss 1 time.

You collected 1719 gold pieces.
You spent 428 gold pieces at shops.

Inventory:

Hand Weapons
 a - a +3 demon blade of draining (weapon)
 b - a +4 vampiric rapier
Missiles
 l - 6 silver javelins
 m - 69 poisoned darts
 u - 39 boomerangs (quivered)
 x - 7 throwing nets
 C - 16 atropa-tipped darts
 R - 3 curare-tipped darts
Armour
 y - a +0 helmet (worn)
 H - a +2 cloak (worn)
 K - a +2 pair of boots (worn)
 Q - a +0 troll leather armour (worn)
Jewellery
 c - an amulet of regeneration (around neck)
 d - a ring of wizardry
 S - a ring of poison resistance (left hand)
 T - a ring of protection from cold
 U - a ring of fire
 V - a ring of see invisible
 W - a ring of resist corrosion
 Y - the ring "Uxaoguryk" {Fly rPois rCorr Int-3}
   (You found it on level 5 of the Lair of Beasts)

   [ring of poison resistance]

   Int:       It affects your intelligence (-3).
   rPois:     It protects you from poison.
   Fly:       It grants you flight.
   rCorr:     It protects you from acid and corrosion.
Wands
 E - a wand of iceblast (16)
 I - a wand of flame (32)
 J - a wand of paralysis (9)
 N - a wand of mindburst (9)
 O - a wand of quicksilver (3)
Scrolls
 f - a scroll of immolation
 i - 11 scrolls of teleportation {@r4}
 o - a scroll of enchant armour
 t - 5 scrolls of noise
 v - 5 scrolls of poison
 w - 3 scrolls of amnesia
 B - 5 scrolls of fear
 D - 3 scrolls of magic mapping
 L - 3 scrolls of vulnerability
 M - 3 scrolls of blinking
 X - a scroll of summoning
 Z - 2 scrolls of identify {@r1}
Potions
 e - 5 potions of lignification
 g - 4 potions of brilliance
 h - 6 potions of curing {@q1}
 k - 4 potions of degeneration
 n - 3 potions of flight
 p - 3 potions of attraction
 q - 2 potions of resistance
 r - 4 potions of cancellation
 s - 5 potions of haste {@q3}
 z - 4 potions of mutation
 A - a potion of might
 F - a potion of berserk rage
 G - 8 potions of heal wounds {@q2}
 P - 2 potions of magic
Miscellaneous
 j - a phial of floods


   Skills:
 - Level 14.6 Fighting
 - Level 14.0(14.1) Short Blades
 * Level 2.5(9.4) Long Blades
 - Level 0.3 Maces & Flails
 - Level 2.8 Throwing
 - Level 2.6 Armour
 - Level 12.1 Dodging
 - Level 10.4 Stealth
 - Level 2.0 Shields
 - Level 6.4 Invocations


You had 14 spell levels left.
You didn't know any spells.
Your spell library contained the following spells:

 Spells                   Type           Power      Damage    Failure   Level
 Magic Dart               Conj           0%         1d3       36%         1
 Slow                     Hex            0%         N/A       36%         1
 Searing Ray              Conj           0%         2d4       50%         2
 Sublimation of Blood     Necr           0%         N/A       50%         2
 Wereblood                Tmut           0%         N/A       50%         2
 Call Canine Familiar     Summ           0%         N/A       73%         3
 Confusing Touch          Hex            0%         N/A       73%         3
 Dazzling Flash           Conj/Hex       0%         N/A       73%         3
 Gell's Gravitas          Tloc           0%         N/A       73%         3
 Lesser Beckoning         Tloc           0%         N/A       73%         3
 Portal Projectile        Hex/Tloc       0%         N/A       73%         3
 Teleport Other           Tloc           0%         N/A       73%         3
 Tukima's Dance           Hex            0%         N/A       73%         3
 Vampiric Draining        Necr           0%         2d6       73%         3
 Fulminant Prism          Conj/Hex       0%         3d5       98%         4
 Leda's Liquefaction      Hex/Erth       0%         N/A       98%         4
 Agony                    Necr           0%         N/A       100%        5
 Blade Hands              Tmut           0%         N/A       100%        5
 Fireball                 Conj/Fire      0%         3d3       100%        5
 Iskenderun's Battlesphe  Conj           0%         2d6       100%        5
 Silence                  Hex/Air        0%         N/A       100%        5
 Conjure Ball Lightning   Conj/Air       0%         3x3d6     100%        6
 Dispersal                Tloc           0%         N/A       100%        6
 Orb of Destruction       Conj           0%         9d5       100%        7
 Summon Hydra             Summ           0%         N/A       100%        7


Dungeon Overview and Level Annotations

Branches:
Dungeon (15/15)            Temple (0/1) D:7            Lair (5/5) D:10
 Spider (0/4) Lair:3        Slime (0/5) Lair:4          Orc (1/2) D:12
 Vaults (0/5) D:14
  Swamp: Lair:2-3    Shoals: Lair:2-3    Depths: D:15

Altars:
Cheibriados
Dithmenos
Gozag
Hepliaklqana
Ru
Sif Muna
Yredelemnul
Jiyva

Shops:
D:1 !   D:3 (   D:5 :   D:12 *   D:14 [[

Annotations:
D:7 1 runed translucent door
Lair:2 exclusion: 2 hydras
Orc:1 Erolcha


Innate Abilities, Weirdness & Mutations

Your life essence is reduced to manifest your ancestor. (-10% HP)
You are completely covered in icy blue scales. (AC +4, rC+)
You regenerate health from kills.
Spells you cast may paralyse adjacent enemies.
Your touch may irresistibly damage your foes and sap their willpower.


Message History

Your touch misses the cyan very ugly thing.
The cyan very ugly thing is moderately wounded.
Leofdaeg misses the cyan very ugly thing.
The cyan very ugly thing gores you! The cyan very ugly thing shocks you!!
Leofdaeg barely misses the cyan very ugly thing.
You are too injured to fight recklessly!
You are too injured to fight recklessly!
You are too injured to fight recklessly!
You are too injured to fight recklessly!
You are too injured to fight recklessly!
You are too injured to fight recklessly!
You are too injured to fight recklessly!
You are too injured to fight recklessly!
You are too injured to fight recklessly!
You are too injured to fight recklessly!
You are too injured to fight recklessly!
You are too injured to fight recklessly!
You are too injured to fight recklessly!
You are too injured to fight recklessly!
You are too injured to fight recklessly!
You are too injured to fight recklessly!
You are too injured to fight recklessly!
You are too injured to fight recklessly!
You are too injured to fight recklessly!
You are too injured to fight recklessly!
You are too injured to fight recklessly!
You are too injured to fight recklessly!
You hit the cyan very ugly thing.
You touch the cyan very ugly thing!
You sap its willpower!
The cyan very ugly thing is moderately wounded.
Leofdaeg hits the cyan very ugly thing with a +0 dagger of draining!
The cyan very ugly thing gores you! The cyan very ugly thing shocks you!!
* * * LOW HITPOINT WARNING * * *
Hepliaklqana grants Leofdaeg healing and protection!
Leofdaeg barely misses the cyan very ugly thing.
Leofdaeg hits the cyan very ugly thing with a +0 dagger of draining!
The cyan very ugly thing gores you!
* * * LOW HITPOINT WARNING * * *
The cyan very ugly thing shocks you!!
You die...

# ## . .# .#.# #
# ##.## ..
.#.###...##
.......#..R..#..#
#.....@u....#
#..#.....#..#
#.###...## ##
##.## ##.# ##


You could see the friendly Leofdaeg the hexer (idealised) and a cyan very ugly
thing (weak-willed, ally target).

Vanquished Creatures
  Rupert (D:14)
  Kirke (D:13)
  A tentacled starspawn (Abyss:2)
  Nessos (Lair:4)
  2 fire dragons (Lair:5)
  Harold (D:9)
  3 hydras
  3 centaur warriors
  A two-headed ogre (D:12)
  4 boulder beetles
  6 death yaks
  Sonja (D:10)
  Nergalle (D:10)
  A hell knight (Abyss:2)
  2 large abominations (Abyss:2)
  A wizard (D:14)
  A swamp dragon (Lair:5)
  A lindwurm (Lair:5)
  A deep elf pyromancer (D:14)
  3 orc knights
  An orc sorcerer (Orc:1)
  8 ugly things
  3 cyclopes
  3 oklob plants (Lair:2)
  9 starcursed masses (Abyss:2)
  10 elephants
  A rust devil (Abyss:2)
  A smoke demon (Abyss:2)
  Joseph (D:7)
  5 torpor snails
  10 cane toads
  Maggie (D:10)
  An unseen horror (D:12)
  6 rime drakes
  An efreet (D:14)
  9 komodo dragons
  An ancient zyme (Abyss:2)
  2 trolls
  5 tyrant leeches
  5 polar bears
  3 hornets (Lair:5)
  2 raiju (Abyss:2)
  29 blink frogs
  3 culicivoras (Lair:3)
  A ynoxinul (Abyss:2)
  A vampire (D:11)
  A hog (D:13)
  3 wyverns
  A wraith (D:12)
  18 yaks
  4 basilisks
  16 humans
  2 chaos spawn (Abyss:2)
  Eustachio (D:3)
  3 vampire mosquitoes
  A warg (D:12)
  Edmund (D:4)
  Menkaure (D:4)
  Duvessa (D:7)
  3 acid dragons
  6 water moccasins
  A sky beast (D:6)
  11 orc warriors
  2 swamp drakes (Lair:5)
  2 black bears
  An ice beast (D:5)
  2 wolves (Lair:4)
  8 centaurs
  4 ogres
  2 phantoms
  13 bullfrogs
  4 kobold brigands
  A small abomination (Abyss:2)
  Blork the orc (D:4)
  A necrophage (D:7)
  2 scorpions
  15 wights
  Dowan (D:7)
  The ghost of Darkkill the Shooter, a weakling MiHu (D:3)
  An elephant simulacrum (Lair:3)
  10 killer bees
  A howler monkey (D:13)
  4 electric eels (D:14)
  A crimson imp (Abyss:2)
  5 hounds
  A jelly (D:7)
  8 orc priests
  An iron imp (Abyss:2)
  3 gnoll boudas
  8 iguanas
  5 orc wizards
  3 wolf simulacra (Lair:3)
  A mummy (D:4)
  5 adders
  11 gnolls
  A shadow imp (D:8)
  4 white imps
  4 ufetubi
  5 worms
  A dart slug (D:1)
  34 orcs
  7 ball pythons
  11 endoplasms
  5 giant cockroaches
  8 goblins
  7 hobgoblins
  2 jackals (D:3)
  21 kobolds
  2 quokkas
  11 bats
  6 frilled lizards
  A goblin skeleton (D:7)
  2 hobgoblin zombies (D:4)
  A jackal zombie (D:7)
  A kobold zombie (D:7)
  2 orc zombies (D:4)
  7 rats
  A plant (Lair:5)
  3 starspawn tentacles (Abyss:2)
507 creatures vanquished.

Vanquished Creatures (collateral kills)
  A wretched star (Abyss:2)
  A deep troll (D:15)
  An oklob plant (Lair:2)
  2 elephants (Lair:3)
  3 torpor snails (Lair:5)
  2 cane toads
  2 komodo dragons
  A troll (D:10)
  4 hornets (Lair:5)
  A tyrant leech (Lair:2)
  11 blink frogs
  2 raiju (Abyss:2)
  A flying skull (Abyss:2)
  A wyvern (Lair:1)
  A shadow (D:12)
  4 yaks (Lair:2)
  A water elemental (D:14)
  2 vampire mosquitoes (D:11)
  A basilisk (D:13)
  A warg (Orc:1)
  An acid dragon (Lair:5)
  4 water moccasins
  An orc warrior (Orc:1)
  A sky beast (D:7)
  2 black bears
  2 wolves (Lair:4)
  4 centaurs
  2 bullfrogs
  2 scorpions
  2 killer bees
  2 howler monkeys
  A starcursed mass (Abyss:2)
  An orc priest (Orc:1)
  An iguana (Lair:5)
  2 orc wizards (Orc:1)
  10 orcs
  A kobold (D:8)
82 creatures vanquished.

Vanquished Creatures (others)
  A wizard (D:15)
  A human (D:14)
  8 hexers
  4 ancestors
  2 orcs (Orc:1)
  16 fungi
  A lurking horror (Abyss:2)
  35 plants
68 creatures vanquished.

Grand Total: 657 creatures vanquished

Notes
Turn   | Place    | Note
-------+----------+-------------------------------------------
     0 | D:1      | freelancePsychic the Demonspawn Wanderer began the quest
                  | for the Orb.
     0 | D:1      | freelancePsychic set off with the following items: a +0
                  | dagger, a potion of mutation, 10 poisoned darts, a +2
                  | buckler, a potion of berserk rage, a +0 robe.
     0 | D:1      | Reached XP level 1. HP: 16/16 MP: 1/1
    99 | D:1      | Gained mutation: Your touch may inflict minor irresistible
                  | damage on your foes. [demonic ancestry]
    99 | D:1      | Reached XP level 2. HP: 7/22 MP: 2/2
   590 | D:1      | Reached skill level 1 in Short Blades
   596 | D:1      | Gained mutation: You are partially covered in icy blue
                  | scales. (AC +2) [demonic ancestry]
   596 | D:1      | Reached XP level 3. HP: 15/28 MP: 3/3
   843 | D:1      | Found Jewios's Distillery.
   857 | D:1      | Bought a potion of degeneration for 11 gold pieces
  1120 | D:2      | Found a shimmering blue altar of Sif Muna.
  1164 | D:2      | Gained mutation: You regenerate a little health from kills.
                  | [demonic ancestry]
  1164 | D:2      | Reached XP level 4. HP: 34/34 MP: 4/4
  1218 | D:2      | Identified the +4 whip "Ytaajus" {freeze, Int+2}
  1927 | D:3      | Found a shimmering blue altar of Sif Muna.
  2047 | D:3      | Found a faded altar of an unknown god.
  2080 | D:3      | Found a runed translucent gate.
  2080 | D:3      | Found a runed translucent gate.
  2080 | D:3      | Noticed Darkkill's ghost (weakling MiHu)
  2081 | D:3      | Found a runed translucent gate.
  2082 | D:3      | Identified the +10 sling "Abasurruuni" {vorpal, Drain rElec
                  | Will+ Dex+2}
  2142 | D:3      | Found Deyh Hojy's Weapon Boutique.
  2160 | D:3      | Identified the +1 pair of gloves "Laellol" {Str+7}
  2339 | D:3      | Bought a +1 rapier of venom for 141 gold pieces
  2704 | D:4      | Noticed a phantom
  2706 | D:4      | Noticed Eustachio
  2714 | D:3      | Gained mutation: You regenerate health from kills. [demonic
                  | ancestry]
  2714 | D:3      | Reached XP level 5. HP: 41/41 MP: 5/5
  2739 | D:3      | Killed Eustachio
  2740 | D:3      | Gained mutation: You are mostly covered in icy blue scales.
                  | (AC +3) [demonic ancestry]
  2740 | D:3      | Reached XP level 6. HP: 48/48 MP: 6/6
  2883 | D:4      | Noticed Blork the orc
  2904 | D:4      | Killed Blork the orc
  2905 | D:4      | Reached skill level 5 in Short Blades
  2905 | D:4      | Reached XP level 7. HP: 49/55 MP: 7/7
  2961 | D:4      | Noticed Edmund
  2983 | D:4      | Killed Edmund
  3253 | D:4      | Noticed Menkaure
  3287 | D:4      | Reached skill level 5 in Fighting
  3443 | D:4      | You fall into a shaft and drop 3 floors!
  3443 | D:7      | Found a snail-covered altar of Cheibriados.
  3443 | D:7      | Found an opulent altar of Gozag.
  3443 | D:7      | Found a hazy altar of Hepliaklqana.
  3445 | D:7      | Became a worshipper of Hepliaklqana the Forgotten
  3447 | D:7      | Found a shadowy altar of Dithmenos.
  3460 | D:7      | Found a faded altar of an unknown god.
  3461 | D:7      | Noticed Joseph
  3476 | D:7      | Killed Joseph
  3477 | D:7      | Gained mutation: Spells you cast may paralyse adjacent
                  | enemies. [demonic ancestry]
  3477 | D:7      | Reached XP level 8. HP: 63/63 MP: 8/8
  3558 | D:7      | Reached skill level 1 in Stealth
  3761 | D:7      | Noticed Duvessa
  3766 | D:7      | Noticed Dowan
  3914 | D:5      | Entered Level 5 of the Dungeon
  4038 | D:4      | Killed Menkaure
  4157 | D:5      | Identified the +1 chain mail of the Old World {rC+ Dex+5}
  4237 | D:5      | Found Utziseu's Book Shop.
  4294 | D:5      | Reached * piety under Hepliaklqana
  4420 | D:5      | Reached XP level 9. HP: 63/63 MP: 9/9
  4816 | D:6      | Reached skill level 5 in Stealth
  5094 | D:7      | Killed Duvessa
  5100 | D:7      | Killed Dowan
  5110 | D:7      | Found a staircase to the Ecumenical Temple.
  5240 | D:7      | Found a runed translucent door.
  5245 | D:7      | Found a basalt altar of Yredelemnul.
  5796 | D:8      | Reached ** piety under Hepliaklqana
  6116 | D:8      | Reached XP level 10. HP: 65/72 MP: 10/10
  7047 | D:9      | Noticed Harold
  7055 | D:9      | Killed Harold
  7192 | D:9      | Remembered your ancestor Leofdaeg as a hexer
  7358 | D:10     | Entered Level 10 of the Dungeon
  7379 | D:10     | Noticed Nergalle
  7387 | D:10     | Killed Nergalle
  7518 | D:3      | Killed Darkkill's ghost
  7839 | D:10     | Reached *** piety under Hepliaklqana
  7907 | D:10     | Reached XP level 11. HP: 66/80 MP: 11/11
  7997 | D:10     | Noticed Sonja
  8006 | D:10     | Killed Sonja
  8007 | D:10     | Reached skill level 10 in Short Blades
  8189 | D:10     | Noticed Maggie
  8201 | D:10     | Killed Maggie
  8202 | D:10     | Reached skill level 5 in Dodging
  8250 | D:10     | Found a staircase to the Lair.
  9335 | D:12     | Noticed a two-headed ogre
  9347 | D:12     | Killed a two-headed ogre
  9378 | D:12     | Found a staircase to the Orcish Mines.
  9383 | D:12     | Reached **** piety under Hepliaklqana
  9669 | D:12     | Reached skill level 10 in Fighting
  9882 | D:12     | Found Awoawkit's Assorted Antiques.
  9888 | D:12     | Bought a scroll of teleportation for 96 gold pieces
 10019 | D:13     | Noticed a boulder beetle
 10025 | D:13     | Killed a boulder beetle
 10139 | Lair:1   | Entered Level 1 of the Lair of Beasts
 10246 | Lair:1   | Found a snail-covered altar of Cheibriados.
 10280 | Lair:1   | Gained mutation: Your touch may inflict irresistible damage
                  | on your foes. [demonic ancestry]
 10280 | Lair:1   | Reached XP level 12. HP: 88/88 MP: 12/12
 10404 | Lair:1   | Reached ***** piety under Hepliaklqana
 10557 | Lair:1   | Reached skill level 1 in Invocations
 10886 | Lair:2   | Noticed a seven-headed hydra
 11072 | Lair:2   | Noticed a four-headed hydra
 11082 | Lair:2   | Killed a four-headed hydra
 11112 | Lair:2   | Noticed a four-headed hydra
 11197 | Lair:2   | Noticed a boulder beetle
 11202 | Lair:2   | Killed a boulder beetle
 11376 | Lair:2   | Reached skill level 5 in Invocations
 12212 | Lair:3   | Found a hole to the Spider Nest.
 12290 | Lair:3   | Gained mutation: Your touch may irresistibly damage your
                  | foes and sap their willpower. [demonic ancestry]
 12290 | Lair:3   | Reached XP level 13. HP: 90/95 MP: 17/17
 12490 | Lair:3   | Found a frozen archway.
 12616 | Lair:3   | Identified the +1 chain mail of Proximity {Fly rF+ Str+3}
 13159 | Lair:4   | Found a staircase to the Slime Pits.
 13159 | Lair:4   | Found a viscous altar of Jiyva.
 13853 | Lair:4   | Noticed Nessos
 13859 | Lair:4   | Killed Nessos
 14058 | Lair:5   | Entered Level 5 of the Lair of Beasts
 14164 | Lair:5   | Reached skill level 10 in Dodging
 14310 | Lair:5   | Reached XP level 14. HP: 81/104 MP: 18/18
 14964 | Lair:5   | Identified the ring "Uxaoguryk" {Fly rPois rCorr Int-3}
 15082 | Lair:5   | Found a runed translucent door.
 15320 | Lair:5   | Paralysed by a hornet for 2 turns
 15733 | D:13     | Noticed Kirke
 15750 | D:13     | Killed Kirke
 16211 | D:14     | Found a sacrificial altar of Ru.
 16284 | D:14     | Found Qocwix's Antique Armour Shop.
 16293 | D:14     | Bought an embroidered cloak for 180 gold pieces
 16427 | D:14     | Found Cyadinor's Armour Shop.
 16616 | D:14     | Found a gate to the Vaults.
 16617 | D:14     | Noticed Rupert
 16621 | D:14     | Reached skill level 10 in Stealth
 16631 | D:14     | Killed Rupert
 17203 | D:15     | Entered Level 15 of the Dungeon
 17374 | Orc:1    | Entered Level 1 of the Orcish Mines
 17651 | Orc:1    | Noticed Erolcha
 17672 | Abyss:2  | Cast into level 2 of the Abyss (Erolcha)
 17738 | Abyss:2  | Noticed a cacodemon
 17881 | Abyss:2  | Gained mutation: You are completely covered in icy blue
                  | scales. (AC +4, rC+) [demonic ancestry]
 17881 | Abyss:2  | Reached XP level 15. HP: 88/88 MP: 19/19
 17899 | Abyss:2  | Noticed a tentacled starspawn
 17917 | Abyss:2  | Killed a tentacled starspawn
 18044 | Abyss:2  | Reached skill level 1 in Long Blades
 18405 | Abyss:2  | Mangled by a cyan very ugly thing

Illustrated notes

Levels and vault maps discovered:
D:1:      psy_arrival_conway, layout_basic, serial_shops, shop
D:2:      layout_basic, basic_altar
D:3:      layout_basic, kennysheep_orc_sif_temple, serial_shops,
          nicolae_shop_bloodbath_and_beyond, chequers_ecumenical_altar_simple,
          biasface_ghost_orc_armoury
D:4:      kennysheep_spiral_hall, layout_basic, minmay_liquid_box, st_stairs_6,
          minmay_mini_ossuary, uniq_menkaure, uniq_eustachio,
          uniq_blork_the_orc, uniq_edmund
D:5:      layout_rooms, serial_shops, shop_fountains
D:6:      layout_loops_ring
D:7:      layout_cave_pools, dk_yredelemnul_ordeal,
          chequers_temple_overflow_minitemple,
          minmay_temple_entry_statues_fountains, uniq_joseph, uniq_duvessa
D:8:      layout_basic, kennysheep_diamond
D:9:      layout_loops_ring, uniq_harold
D:10:     layout_stronghold, grunt_lair_entry_orc_guard_hut, uniq_nergalle,
          uniq_sonja, uniq_maggie
D:11:     layout_grid_maze
D:12:     layout_roguey, erik_orc_4, serial_shops, kennysheep_little_box
D:13:     layout_gridville, uniq_kirke
D:14:     layout_basic, david_vaults_3, serial_shops, nicolae_square_shop,
          nicolae_ru_path_of_blood, nicolae_take_the_stairs
D:15:     hangedman_depths_entry_civil_slaughter, layout_basic,
          hangedman_decor_points
Lair:1:   layout_misc_corridors, basic_altar, kennysheep_snail_temple
Lair:2:   minmay_lair_oklob_tunnel, layout_long_grid, palyth_hydra_swamp_entry,
          nzn_sisyphean_effort
Lair:3:   layout_small_grid, hellmonk_spider_entry_life_and_decay,
          portal_ice_cave_entry_ice_simulacra
Lair:4:   layout_loops_ring, slime_entry_1, gammafunk_lair_bear_cave,
          uniq_nessos
Lair:5:   guppyfry_lair_end_dragon, layout_regular_city, wormcave, st_stairs_13
Orc:1:    layout_diamond_mine, uniq_erolcha
Abyss:2:  base: D:10, minivault_20

Skill      XL: |  1  2  3  4  5  6  7  8  9 10 11 12 13 14 15 |
---------------+----------------------------------------------+-----
Throwing       | 2 |  2.8
Shields        | 2 |  2.0
Short Blades   | 1 2 3 5 6 7 8 9 11 13 14 | 14.0
Fighting       | 3 4 5 6 7 9 10 11 12 14 | 14.6
Dodging        | 2 4 6 10 11 12 | 12.1
Stealth        | 4 7 8 10 | 10.4
Invocations    | 6 |  6.4
Long Blades    | 2 |  2.5
Maces & Flails | |  0.3
Armour         | |  2.6

Action                   |  1- 3 |  4- 6 |  7- 9 | 10-12 | 13-15 || total
-------------------------+-------+-------+-------+-------+-------++-------
Melee: Dagger            |    89 |     5 |       |       |       ||    94
       Touch             |    16 |    25 |    58 |   153 |   213 ||   465
       Punch             |     2 |     1 |     6 |     7 |    14 ||    30
       Whip              |       |    59 |       |       |       ||    59
       Rapier            |       |    66 |   300 |   554 |   878 ||  1798
       Short sword       |       |       |       |    27 |       ||    27
       Demon blade       |       |       |       |       |    49 ||    49
Throw: Dart              |    17 |       |    35 |    25 |     9 ||    86
       Boomerang         |       |       |       |       |     4 ||     4
Invok: Ancestor Life: He |       |       |       |     1 |       ||     1
       Recall Ancestor   |       |       |       |     2 |     3 ||     5
       Idealise          |       |       |       |     1 |     9 ||    10
       Transference      |       |       |       |       |     1 ||     1
Evoke: Wand              |       |       |       |     2 |     8 ||    10
  Use: Potion            |     1 |       |     2 |     1 |     1 ||     5
       Scroll            |     1 |     4 |     8 |    11 |    10 ||    34
 Stab: Sleeping          |     2 |     1 |     2 |    15 |     7 ||    27
       Distracted        |       |       |     2 |    13 |    16 ||    31
       Confused          |       |       |       |    10 |    29 ||    39
       Paralysed         |       |       |       |       |    11 ||    11
Armor: Robe              |    22 |       |       |       |       ||    22
       Leather armour    |     3 |    45 |    91 |    39 |       ||   178
       Troll leather arm |       |       |       |   123 |   178 ||   301
Dodge: Dodged            |    57 |    82 |   152 |   298 |   519 ||  1108
Block: Buckler           |    11 |       |       |       |       ||    11

Table legend: (Time is in decaauts)
 A = Elapsed time spent in this place.
 B = Non-inter-level travel time spent in this place.
 C = Inter-level travel time spent in this place.
 D = Time resting spent in this place.
 E = Time spent auto-exploring this place.
 F = Levels seen in this place.
 G = Mean time per level.
                   A        B        C        D        E       F      G
               +--------+--------+--------+--------+--------+-----+--------+
         Total |  17822 |  16488 |   1334 |    436 |  12357 |  22 |  810.1 |
       Dungeon |  12029 |  10928 |   1101 |    391 |   8210 |  15 |  801.9 |
          Lair |   5081 |   4849 |    232 |     32 |   3670 |   5 | 1016.2 |
  Orcish Mines |     32 |     32 |      0 |      0 |      0 |   1 |   32.0 |
         Abyss |    679 |    679 |      0 |     13 |    477 |   1 |  679.0 |
               +--------+--------+--------+--------+--------+-----+--------+

Top non-repeatable levels by time:
  Lair:5: 1287 daAuts
  Lair:2: 1192 daAuts
     D:8: 1106 daAuts
  Lair:3: 1083 daAuts
     D:1: 1012 daAuts
     D:3: 996 daAuts
    D:14: 994 daAuts
     D:4: 911 daAuts
    D:11: 911 daAuts
    D:10: 877 daAuts
    D:12: 875 daAuts
     D:7: 871 daAuts
     D:2: 832 daAuts
  Lair:4: 814 daAuts
     D:9: 749 daAuts
